 Dungeon Crawl Stone Soup version 0.19.5 (webtiles) character file.

40 Trixie the Cudgeler (level 3, -2/33 HPs)
             Began as a Minotaur Berserker on Mar 7, 2017.
             Was a Believer of Trog.
             Slain by a gnoll
             ... wielding a +0 halberd
              (5 damage)
             ... on level 2 of the Dungeon.
             The game lasted 00:02:37 (1542 turns).

Trixie the Cudgeler (Minotaur Berserker)            Turns: 1542, Time: 00:02:38

Health: -2/33      AC:  2    Str: 21    XL:     3   Next: 30%
Magic:  2/2        EV: 12    Int:  4    God:    Trog [**....]
Gold:   159        SH:  0    Dex: 10    Spells: 0 memorised, 2 levels left

rFire  . . .     SeeInvis .     a - +0 mace
rCold  . . .     Gourm    .     b - +0 animal skin
rNeg   . . .     Faith    .     (no shield)
rPois  .         Spirit   .     (helmet restricted)
rElec  .         Reflect  .     (no cloak)
rCorr  .         Harm     .     (no gloves)
MR     .....                    (no boots)
Stlth  +.........               (no amulet)
                                (no ring)
                                (no ring)

@: no status effects
A: retaliatory headbutt, horns 2
a: Berserk, Trog's Hand, Burn Spellbooks, Renounce Religion


You were on level 2 of the Dungeon.
You worshipped Trog.
Trog was pleased with you.
You were hungry.

You visited 1 branch of the dungeon, and saw 2 of its levels.

You collected 159 gold pieces.

Inventory:

Hand Weapons
 a - a +0 mace (weapon)
Armour
 b - a +0 animal skin (worn)
Scrolls
 d - 7 scrolls of identify {unknown}
 e - 2 scrolls of blinking {unknown}
 f - 2 scrolls of teleportation {unknown}
 g - a scroll of noise {unknown}
 l - a scroll of enchant armour {unknown}
Potions
 i - a potion of curing {unknown}
 k - a potion of degeneration {unknown}
 m - a potion of ambrosia {unknown}
 n - a potion of heal wounds {unknown}
Books
 j - a book of Changes

   Spells                             Type                      Level
   a - Beastly Appendage              Transmutation                1
   b - Sticks to Snakes               Transmutation                2
   c - Spider Form                    Transmutation/Poison         3
   d - Ice Form                       Ice/Transmutation            4
   e - Blade Hands                    Transmutation                5
   Trog disapproves of the use of such an item.
Comestibles
 c - 4 bread rations
 h - 2 meat rations


   Skills:
 + Level 4.3 Fighting
 + Level 4.6 Maces & Flails
 + Level 2.6 Armour
 + Level 2.1 Dodging
 + Level 0.1 Stealth


You had 2 spell levels left.
You didn't know any spells.

Dungeon Overview and Level Annotations

Branches:
Dungeon (2/15)

Altars:


Innate Abilities, Weirdness & Mutations

You reflexively headbutt those who attack you in melee.
You have a pair of horns on your head.


Message History

Things that are here:
a club; a hobgoblin skeleton You see here a bat skeleton.
There is a stone staircase leading up here.
A gnoll comes into view. It is wielding a halberd.
A gnoll is nearby!
A gnoll is nearby!
A gnoll is nearby! 2 gnolls come into view.
The gnoll shouts! x2
The gnoll hits you from afar with a halberd!
The gnoll hits you. The gnoll hits you with a halberd!
* * * LOW HITPOINT WARNING * * *
You are too injured to fight recklessly!
The gnoll hits you from afar with a halberd!
* * * LOW HITPOINT WARNING * * *
There is a stone staircase leading up here.
The gnoll hits you but does no damage.
The gnoll hits you from afar with a halberd.
You die...

#... #.# #.##.# # #.g#
#.###.##.## # #..#
#...g.....######.#
#.#..###.###............#
#...g.g..# #.#...########
###..###.###.##g##
#..........##g#
#############g# #@# #.#
#.# ######### #.#
#.......# #.#
#.#.###.######.# #.#.#
#........#
#...###.#####..##
#.......# ##...#########


You could see 3 gnolls.

Vanquished Creatures
  An adder (D:2)
  A worm (D:2)
  A leopard gecko (D:1)
  3 bats
  3 giant cockroaches
  3 hobgoblins (D:2)
  2 frilled lizards
  6 goblins
  3 kobolds
  4 rats
27 creatures vanquished.

Notes
Turn   | Place    | Note
-------+----------+-------------------------------------------
     0 | D:1      | Trixie the Minotaur Berserker began the quest for the Orb.
     0 | D:1      | Reached XP level 1. HP: 19/19 MP: 0/0
   385 | D:1      | Reached XP level 2. HP: 23/27 MP: 1/1
   938 | D:2      | Reached XP level 3. HP: 28/33 MP: 2/2
  1168 | D:2      | Reached ** piety under Trog
  1542 | D:2      | Slain by a gnoll

Skill      XL: |  1  2 |
---------------+-------+-----
Maces & Flails | 4 |  4.6
Fighting       | 4 |  4.3
Armour         | |  2.6
Dodging        | |  2.1
Stealth        | |  0.1

Action                   || total
-------------------------++-------
Melee: Mace              ||    44
       Headbutt          ||     8
  Eat: Chunk             ||     1
Armor: Animal skin       ||     7
Dodge: Dodged            ||    23
